 Dungeon Crawl Stone Soup version 0.31-a0-844-gdc52ec4e09 (webtiles) character file.

Game seed: 7740801590663427679

25 mcwallace the Insei (level 2, -1/21 HPs)
             Began as a Vampire Shapeshifter on Oct 1, 2023.
             Slain by a ball python (3 damage)
             ... on level 2 of the Dungeon.
             The game lasted 00:01:05 (867 turns).

mcwallace the Insei (Vampire Shapeshifter)           Turns: 867, Time: 00:01:05

Health: -1/21      AC:  2    Str: 13    XL:     2   Next: 86%
Magic:  2/2        EV: 14    Int: 12    God:
Gold:   31         SH:  0    Dex: 13    Spells: 1/1 levels left

rFire   . .          .
                       - Unarmed
rCold   . . .        (no shield)
rNeg    . . .        a - +0 animal skin
rPois   .            (helmet currently unavailable)
rElec   .            (cloak currently unavailable)
rCorr   .            (gloves currently unavailable)
SInv    +            (boots currently unavailable)
Will    +....        (no amulet)
Stlth   +            f - +5 ring of evasion
HPRegen 0.43/turn    (no ring)
MPRegen 0.08/turn

%: no passive effects
@: lethally poisoned (-1 -> -1), beast-form, enlightened, flying, healing
quickly, constricted
A: beast (slay +2), alive, fangs 3, see invisible, vampiric 1
a: Exsanguinate, Begin Untransformation


You were on level 2 of the Dungeon.
You were a hulking beast.
You visited 1 branch of the dungeon, and saw 2 of its levels.

You collected 31 gold pieces.


Innate Abilities, Weirdness & Mutations

You are a hulking beast.
Your limbs bulge with bestial killing power. (Slay +2)
Your natural rate of healing is accelerated.
You have razor-sharp teeth.
You have supernaturally acute eyesight. (SInv)
You are afflicted with vampirism.


   Skills:
 + Level 1.4 Fighting
 + Level 2.6 Dodging
 + Level 3.6 Unarmed Combat
 + Level 3.5 Shapeshifting


You had one spell level left.
You didn't know any spells.
Your spell library was empty.

Inventory:

Missiles
 e - 15 stones {throwing}
 i - 4 poisoned darts {throwing}
Armour
 a - a +0 animal skin (worn)
 k - a +0 cloak
   (You found it on level 1 of the Dungeon)
Jewellery
 f - a +5 ring of evasion (left hand)
   (You found it on level 1 of the Dungeon)
 h - a ring of see invisible
   (You found it on level 1 of the Dungeon)
Talismans
 c - a beast talisman (active)
 d - a flux talisman
Scrolls
 j - a scroll of teleportation {unknown}
 l - a scroll of noise {unknown}
Potions
 b - a potion of lignification {!q}

Dungeon Overview and Level Annotations

Branches:
Dungeon (2/15) Zot: 11135

Altars:

.........
#.......#
#.r......
#.......#
#<##.#..#
#.#.....# #
#...#
##.###r#.....#
#...hSK##.#/..
#..###.# .# ##
#. #.# # # #..
...# ####


You could see a quokka, a ball python and a kobold.


Message History

A kobold is nearby!
You are too injured to fight recklessly!
A kobold is nearby!
You are too injured to fight recklessly!
You are too injured to fight recklessly!
A kobold is nearby!
You are too injured to fight recklessly!
Unknown command.
You closely miss the kobold.
The kobold hits you with a +1 dagger of speed. x2 😮 HP[-2]
You take 2 damage, and now have 11/21 hp.
You closely miss the kobold.
The kobold hits you with a +1 dagger of speed.
* * * LOW HITPOINT WARNING * * *
😨 HP[-3]
You take 3 damage, and now have 8/21 hp.
You hit the kobold.
You kill the kobold! 😨 HP[+1]
Things that are here:
a +1 dagger of speed {short}; a +0 long sword {long}; a kobold corpse 😨 HP[+1]
Things that are here:
a +1 dagger of speed {short}; a +0 long sword {long}; a kobold corpse Key pressed, stopping explore.
Things that are here:
a +1 dagger of speed {short}; a +0 long sword {long}; a kobold corpse Key pressed, stopping explore.
You see here a +0 dagger {short}.
Key pressed, stopping explore.
Key pressed, stopping explore.
You see here a +0 dagger {short}.
Key pressed, stopping explore.
Key pressed, stopping explore.
Key pressed, stopping explore.
Key pressed, stopping explore.
Key pressed, stopping explore.
Key pressed, stopping explore.
Key pressed, stopping explore.
Key pressed, stopping explore.
Done exploring. 😎 HP[+11]
Your hp is fully restored (21).
Done exploring.
Done exploring.
Done exploring.
There is a stone staircase leading down here.
You climb downwards.
The ball python hisses angrily.
There is a stone staircase leading up here.
There are monsters nearby!
A hobgoblin comes into view.
A kobold comes into view. It is wielding a +0 short sword.
The kobold throws a stone.
The stone closely misses you.
The kobold throws a stone.
The stone completely misses you.
You closely miss the hobgoblin. You punch the hobgoblin!
You kill the hobgoblin!
You closely miss the adder. The adder bites you. x2
You are poisoned.
The adder poisons you! 😕 HP[-5]
You take 5 damage, and now have 16/21 hp.
MASSIVE DAMAGE!! (PAUSE)
You hit the adder but do no damage.
You feel sick. The adder closely misses you. 😮 HP[-1]
You take 1 damage, and now have 15/21 hp.
You miss the adder.
You feel sick. The adder bites you.
You are more poisoned.
The adder poisons you! 😮 HP[-2]
You take 2 damage, and now have 13/21 hp.
You hit the adder.
You feel sick. The adder closely misses you. 😮 HP[-1]
You take 1 damage, and now have 12/21 hp.
You hit the adder.
You feel sick.
The adder completely misses you. 😮 HP[-1]
You take 1 damage, and now have 11/21 hp.
You hit the adder.
You feel sick. The adder bites you.
* * * LOW HITPOINT WARNING * * *
😨 HP[-2]
You take 2 damage, and now have 9/21 hp.
You hit the adder.
You kill the adder!
You feel sick.
You closely miss the ball python.
You feel sick. The ball python bites you.
* * * LOW HITPOINT WARNING * * *
The ball python closely misses you. The ball python bites you.
* * * LOW HITPOINT WARNING * * *
The ball python grabs you.
The ball python constricts you. 😱 HP[-6]
You take 6 damage, and now have 3/21 hp.
MASSIVE DAMAGE!! (PAUSE) It was a potion of enlightenment.
You feel very buoyant.
You fly up into the air.
You feel sick. The ball python bites you.
You die...

Skill      XL: |  1 |
---------------+----+-----
Fighting       | 1 |  1.4
Dodging        | |  2.6
Unarmed Combat | |  3.6
Shapeshifting  | |  3.5

Action                     || total
---------------------------++-------
  Melee: Unarmed           ||    42
         Bite              ||     1
    Use: Potion            ||     1
   Stab: Sleeping          ||     2
 Armour: Animal skin       ||    18
  Dodge: Dodged            ||    26

Levels and vault maps discovered:
D:1:      tarquinn_simple_flora_water_c, layout_basic, grunt_decor_clamped
D:2:      layout_loops_ring, basic_altar, uniq_terence, uniq_jessica,
          uniq_crazy_yiuf_cottage

Notes
Turn   | Place    | Note
-------+----------+-------------------------------------------
     0 | D:1      | mcwallace the Vampire Shapeshifter began the quest for the
                  | Orb.
     0 | D:1      | Reached XP level 1. HP: 14/14 MP: 1/1
     0 | D:1      | magus.rc [v1.9.6]
    91 | D:1      | Reached skill level 1 in Fighting
   218 | D:1      | Reached XP level 2. HP: 21/21 MP: 2/2
   866 | D:2      | HP: 5/21 [ball python (3)]
   867 | D:2      | HP: 2/21 [poisoned by an adder]
   867 | D:2      | Slain by a ball python

Vanquished Creatures
  An adder (D:2)
  A bat (D:1)
  A giant cockroach (D:1)
  3 goblins (D:1)
  3 hobgoblins
  A kobold (D:1)
  A quokka (D:1)
  A ball python (D:1)
  2 frilled lizards (D:1)
  A rat (D:1)
15 creatures vanquished.

Table legend:
 A = Non-vault XP
 B = Vault XP
 C = Vault XP percentage of total XP
 D = Non-vault monster count
 E = Vault monster count
 F = Vault count percentage of total count
                 A         B        C        D         E       F
            +---------+---------+-------+---------+---------+-------
      Total |      37 |       0 |   0.0 |      15 |       0 |   0.0
            +---------+---------+-------+---------+---------+-------
        D:1 |      22 |       0 |   0.0 |      13 |       0 |   0.0
        D:2 |      15 |       0 |   0.0 |       2 |       0 |   0.0
            +---------+---------+-------+---------+---------+-------

Skill      XL: |  1 |
---------------+----+-----
Fighting       | 1 |  1.4
Dodging        | |  2.6
Unarmed Combat | |  3.6
Shapeshifting  | |  3.5

Action                     || total
---------------------------++-------
  Melee: Unarmed           ||    42
         Bite              ||     1
    Use: Potion            ||     1
   Stab: Sleeping          ||     2
 Armour: Animal skin       ||    18
  Dodge: Dodged            ||    26

Illustrated notes

Table legend:
 A = Kills in this place as a percentage of kills in the entire game.
 B = Kills by you in this place as a percentage of kills by you in the entire game.
 C = Kills by friends in this place as a percentage of kills by friends in the entire game.
 D = Other kills in this place as a percentage of other kills in the entire game.
 E = Experience gained in this place as a percentage of experience gained in the entire game.
 F = Experience gained in this place divided by the number of levels of this place that you have seen.
                   A       B       C       D       E      F
               +-------+-------+-------+-------+-------+----------------------
         Total | 100.0 | 100.0 |   N/A |   N/A | 100.0 |  18.5
       Dungeon | 100.0 | 100.0 |   N/A |   N/A | 100.0 |  18.5
               +-------+-------+-------+-------+-------+----------------------

Table legend: (Time is in decaauts)
 A = Elapsed time spent in this place.
 B = Non-inter-level travel time spent in this place.
 C = Inter-level travel time spent in this place.
 D = Time resting spent in this place.
 E = Time spent auto-exploring this place.
 F = Levels seen in this place.
 G = Mean time per level.
                   A        B        C        D        E       F      G
               +--------+--------+--------+--------+--------+-----+--------+
         Total |    863 |    824 |     39 |      0 |    721 |   2 |  431.5 |
       Dungeon |    863 |    824 |     39 |      0 |    721 |   2 |  431.5 |
               +--------+--------+--------+--------+--------+-----+--------+

Top non-repeatable levels by time:
     D:1: 848 daAuts
     D:2: 15 daAuts
